 Dungeon Crawl Stone Soup version 0.19.0-19-g8c6edcc (webtiles) character file.

211 Luna the Skirmisher (level 5, -1/35 HPs)
             Began as a Gargoyle Monk on Nov 15, 2016.
             Was a Believer of Uskayaw.
             Slain by Edmund
             ... wielding a +1 flail of protection
              (6 damage)
             ... on level 3 of the Dungeon.
             The game lasted 00:33:16 (2699 turns).

Luna the Skirmisher (Gargoyle Monk)                 Turns: 2699, Time: 00:33:17

Health: -1/35      AC: 10    Str: 16    XL:     5   Next: 88%
Magic:  1/5        EV: 13    Int: 10    God:    Uskayaw [**....]
Gold:   187        SH:  0    Dex: 12    Spells: 0 memorised, 4 levels left

rFire  x . .     SeeInvis .     a - +0 spear
rCold  + . .     Gourm    .     g - +0 scale mail
rNeg   + . .     Faith    .     (no shield)
rPois  ∞         Spirit   .     (no helmet)
rElec  +         Reflect  .     (no cloak)
rCorr  .         Harm     .     (no gloves)
MR     .....                    (no boots)
Stlth  +.........               (no amulet)
                                X - ring of ice
                                d - +3 ring of evasion

@: no status effects
A: negative energy resistance 1, electricity resistance, unbreathing,
petrification resistance, rot immunity, AC +4
a: Stomp, Line Pass, Renounce Religion


You were on level 3 of the Dungeon.
You worshipped Uskayaw.
Uskayaw was noncommittal.
You were not hungry.

You visited 1 branch of the dungeon, and saw 4 of its levels.

You collected 187 gold pieces.

Inventory:

Hand Weapons
 a - a +0 spear (weapon)
 j - a +0 hunting sling
 o - a +0 hunting sling
 u - a +1 whip of electrocution
 w - a +0 club
 z - a +0 mace
 A - a +0 flail
 K - a +0 club
 L - a +0 dagger
 N - a +0 falchion
 O - a +0 hand axe
 P - a +0 morningstar
 S - a +0 hand axe
 T - a +0 scythe
 V - a +0 hunting sling
Missiles
 e - 126 stones (quivered)
 f - 6 javelins
 h - 27 poisoned needles
 p - 124 arrows
 r - 32 bolts
 H - 20 sling bullets
 Y - 6 tomahawks
Armour
 b - a +0 robe
 g - a +0 scale mail (worn)
 i - a +0 robe
 n - a +0 scale mail
 y - a +0 ring mail
 D - a +0 leather armour
 M - a +0 robe
 Q - a +0 leather armour
 R - a +0 ring mail
Jewellery
 d - a +3 ring of evasion (left hand)
 k - a +3 ring of evasion
 v - a +4 ring of intelligence
 X - a ring of ice (right hand)
Wands
 s - a wand of iceblast (7/15)
Scrolls
 l - 2 scrolls of immolation {unknown}
 q - a scroll of enchant weapon {unknown}
 C - a scroll of teleportation {unknown}
 E - a scroll of magic mapping {unknown}
 F - 2 scrolls of identify {unknown}
 G - 2 scrolls of remove curse {unknown}
Potions
 m - a potion of degeneration {unknown}
 t - 2 potions of lignification {unknown}
 I - 2 potions of haste {unknown}
 W - 2 potions of mutation {unknown}
Comestibles
 c - 2 bread rations
 x - 2 meat rations
 B - 4 fruits
 J - a slice of pizza


   Skills:
 * Level 5.0 Fighting
 + Level 3.3 Polearms
 + Level 2.8 Armour
 - Level 2.4 Dodging
 + Level 3.6 Stealth


You had 4 spell levels left.
You didn't know any spells.

Dungeon Overview and Level Annotations

Branches:
Dungeon (4/15)
 Temple: D:4-7

Altars:
Uskayaw

Annotations:
D:3 Edmund


Innate Abilities, Weirdness & Mutations

You are resistant to torment.
Your stone body is resilient. (AC +4)
You are immune to poison.
You resist negative energy. (rN+)
You are resistant to electric shocks. (rElec)
You can survive without breathing.
You are immune to petrification.
You are immune to rotting.


Message History

Edmund is lightly wounded.
Edmund hits you but does no damage.
You hit Edmund.
Edmund is moderately wounded.
Edmund hits you but does no damage.
You can now pass through a line of other dancers.
You hit Edmund but do no damage.
Edmund is moderately wounded.
Edmund completely misses you.
You hit Edmund but do no damage.
Edmund is moderately wounded.
Edmund hits you with a flail of protection.
* * * LOW HITPOINT WARNING * * *
You closely miss Edmund.
Edmund is moderately wounded.
You hit Edmund but do no damage.
Edmund is moderately wounded.
Edmund says, "People will remember me!
They'll remember me and die!"
Edmund hits you with a flail of protection.
You die...

#.................##.###.#.##.
#.#####.######....##.# #.#.##.
#.#####.######....##.# #.#....
#............#....##.# #.####.
###########.###>#....##.# #S#
#. ............# #.#...###.#
#.# #.
########..#####.........###.#
#.
#.###........######.........#
#. #..........#.#
#@@S.######### #<
#.....####.#.# #.##.# #.
###........#.###.##.# #.
....######.#.....##.# ##
###################.#
....................#
#####################


You could see Edmund and an adder.

Vanquished Creatures
  A crimson imp (D:3)
  A worker ant (D:3)
  6 adders
  A worm (D:2)
  10 dart slugs
  3 leopard geckos (D:2)
  5 orcs (D:3)
  3 giant cockroaches
  7 goblins
  7 hobgoblins
  A jackal (D:2)
  7 kobolds
  2 quokkas
  A ball python (D:3)
  9 bats
  2 frilled lizards (D:3)
  6 rats
72 creatures vanquished.

Vanquished Creatures (others)
  A dart slug (D:3)
1 creature vanquished.

Grand Total: 73 creatures vanquished

Notes
Turn   | Place    | Note
-------+----------+-------------------------------------------
     0 | D:1      | Luna the Gargoyle Monk began the quest for the Orb.
     0 | D:1      | Reached XP level 1. HP: 14/14 MP: 1/1
   286 | D:1      | Reached skill level 1 in Armour
   286 | D:1      | Reached XP level 2. HP: 19/19 MP: 2/2
   649 | D:2      | Reached XP level 3. HP: 20/24 MP: 3/3
   782 | D:2      | Reached skill level 4 in Fighting
   810 | D:2      | Reached XP level 4. HP: 28/29 MP: 4/4
  1510 | D:3      | Found a faded altar of an unknown god.
  1544 | D:3      | Became a worshipper of Uskayaw the Reveler
  1544 | D:3      | Reached * piety under Uskayaw
  1544 | D:3      | Reached ** piety under Uskayaw
  1574 | D:3      | Reached *** piety under Uskayaw
  1578 | D:3      | Reached **** piety under Uskayaw
  1673 | D:3      | Reached ***** piety under Uskayaw
  1975 | D:3      | Reached XP level 5. HP: 34/34 MP: 5/5
  2405 | D:3      | Reached skill level 5 in Fighting
  2507 | D:4      | Noticed Edmund
  2699 | D:3      | Slain by Edmund

Skill      XL: |  1  2  3  4  5 |
---------------+----------------+-----
Armour         | 1 2 |  2.8
Fighting       | 4 5 |  5.0
Stealth        | 3 |  3.6
Polearms       | 3 |  3.3
Dodging        | |  2.4

Action                   |  1- 3 |  4- 6 || total
-------------------------+-------+-------++-------
Melee: Spear             |   140 |   407 ||   547
Invok: Stomp             |       |     2 ||     2
 Stab: Paralysed         |       |     6 ||     6
  Eat: Chunk             |       |     6 ||     6
       Bread ration      |       |     1 ||     1
Armor: Scale mail        |    39 |   114 ||   153
       Robe              |     1 |       ||     1
Dodge: Dodged            |   102 |   256 ||   358
